 Dungeon Crawl Stone Soup version 0.21-a0-504-g2eda330 (webtiles) character file.

905 vineage the Basher (level 8, 0/46 HPs)
             Began as a Gargoyle Fighter on Nov 25, 2017.
             Slain by a mummy (3 damage)
             ... in an ossuary.
             The game lasted 00:04:36 (3664 turns).

vineage the Basher (Gargoyle Fighter)               Turns: 3664, Time: 00:04:36

Health: 0/46       AC: 12    Str: 21    XL:     8   Next: 8%
Magic:  8/8        EV:  7    Int:  9    God:
Gold:   188        SH:  9    Dex: 10    Spells: 7/7 levels left

rFire    . . .     SeeInvis .   a - +0 flail
rCold    . . .     Gourm    .   c - +0 shield
rNeg     + . .     Faith    .   b - +0 scale mail
rPois    ∞         Spirit   .   (no helmet)
rElec    +         Reflect  .   (no cloak)
rCorr    .         Harm     .   (no gloves)
MR       .....                  (no boots)
Stlth    ..........             (no amulet)
HPRegen  0.15/turn              (no ring)
MPRegen  0.11/turn              (no ring)

@: no status effects
A: negative energy resistance 1, electricity resistance, unbreathing,
petrification resistance, rot immunity, AC +5
a: no special abilities


You were in an ossuary.
You were not hungry.

You visited 1 branch of the dungeon, and saw 4 of its levels.
You also visited: Ossuary.

You collected 188 gold pieces.

Inventory:

Hand Weapons
 a - a +0 flail (weapon)
Armour
 b - a +0 scale mail (worn)
 c - a +0 shield (worn)
Wands
 r - a wand of flame (29)
 v - a wand of acid (7)
Scrolls
 g - 5 scrolls of identify {unknown}
 k - 2 scrolls of remove curse {unknown}
 l - a scroll of teleportation {unknown}
 n - 2 scrolls of amnesia {unknown}
 s - a scroll of blinking {unknown}
Potions
 e - a potion of haste
 o - a potion of lignification
 p - a potion of resistance {unknown}
 q - a potion of agility {unknown}
Books
 t - a book of Changes

   Spells                             Type                      Level
   a - Beastly Appendage              Transmutation                1
   b - Sticks to Snakes               Transmutation                2
   c - Spider Form                    Transmutation/Poison         3
   d - Ice Form                       Ice/Transmutation            4
   e - Blade Hands                    Transmutation                5
 u - a book of Maledictions

   Spells                             Type                      Level
   a - Corona                         Hexes                        1
   b - Ensorcelled Hibernation        Hexes/Ice                    2
   c - Confuse                        Hexes                        3
   d - Tukima's Dance                 Hexes                        3
   e - Dazzling Spray                 Conjuration/Hexes            3
Comestibles
 f - 5 bread rations
 j - 2 meat rations
 m - a royal jelly


   Skills:
 - Level 3.2 Fighting
 + Level 9.2 Maces & Flails
 - Level 3.2 Armour
 - Level 3.2 Shields


You had 7 spell levels left.
You didn't know any spells.

Dungeon Overview and Level Annotations

Branches:
Dungeon (4/15)
 Temple: D:4-7

Altars:
The Shining One


Innate Abilities, Weirdness & Mutations

You are resistant to torment.
Your stone body is resilient. (AC +5)
You are immune to poison.
You resist negative energy. (rN+)
You are resistant to electric shocks. (rElec)
You can survive without breathing.
You are immune to petrification.
You are immune to rotting.


Message History

The bullfrog zombie hits you but does no damage.
You thump the bullfrog zombie!
The bullfrog zombie is almost destroyed.
The bullfrog zombie barely misses you.
You hit the bullfrog zombie.
The bullfrog zombie is almost destroyed.
You block the bullfrog zombie's attack.
The bullfrog zombie completely misses you.
You hit the bullfrog zombie.
You destroy the bullfrog zombie!
You sock the mummy!
The mummy is heavily damaged.
The mummy hits you!
* * * LOW HITPOINT WARNING * * *
You hit the mummy but do no damage.
The mummy is heavily damaged.
You hit the mummy.
The mummy is severely damaged.
The mummy hits you.
You die...

##### #.#@#
+#+#+#'#M###
.≈..M....'.#
##.#####.###
#..Z#.'.#
#.∩.'.###
#∩..#.+
#####.# +.+


You could see a mummy.

Vanquished Creatures
  Sigmund (D:3)
  A hornet zombie (Ossuary)
  An ogre (D:4)
  2 centaur zombies (Ossuary)
  6 bullfrog zombies (Ossuary)
  A hound (D:4)
  An orc priest (D:3)
  A killer bee zombie (Ossuary)
  9 mummies (Ossuary)
  4 gnolls (D:3)
  2 adders
  An ooze (D:3)
  An adder zombie (Ossuary)
  A worm (D:3)
  6 leopard geckos
  4 orcs (D:3)
  2 ball pythons
  3 bats
  4 giant cockroaches
  5 goblins
  2 hobgoblins
  A frilled lizard (D:3)
  A jackal zombie (Ossuary)
  5 kobolds
  A leopard gecko zombie (Ossuary)
  A quokka zombie (Ossuary)
  6 rats
73 creatures vanquished.

Vanquished Creatures (others)
  A withered plant (Ossuary)
1 creature vanquished.

Grand Total: 74 creatures vanquished

Notes
Turn   | Place    | Note
-------+----------+-------------------------------------------
     0 | D:1      | vineage the Gargoyle Fighter began the quest for the Orb.
     0 | D:1      | Reached XP level 1. HP: 14/14 MP: 1/1
   255 | D:1      | Reached XP level 2. HP: 19/19 MP: 2/2
   334 | D:1      | Reached skill level 3 in Maces & Flails
   568 | D:2      | Reached XP level 3. HP: 22/23 MP: 3/3
  1216 | D:2      | Found a glowing golden altar of the Shining One.
  1669 | D:3      | Reached skill level 4 in Maces & Flails
  1669 | D:3      | Reached XP level 4. HP: 8/28 MP: 4/4
  2006 | D:3      | Noticed Sigmund
  2031 | D:3      | Killed Sigmund
  2031 | D:3      | Reached skill level 6 in Maces & Flails
  2031 | D:3      | Reached XP level 5. HP: 8/32 MP: 5/5
  2031 | D:3      | Reached XP level 6. HP: 9/37 MP: 6/6
  3166 | D:4      | Reached skill level 7 in Maces & Flails
  3292 | D:4      | Found a sand-covered staircase.
  3301 | Ossuary  | Entered an ossuary
  3311 | Ossuary  | Reached XP level 7. HP: 32/41 MP: 7/7
  3419 | Ossuary  | Reached skill level 8 in Maces & Flails
  3536 | Ossuary  | HP: 1/41 [mummy (12)]
  3619 | Ossuary  | Reached skill level 9 in Maces & Flails
  3619 | Ossuary  | Reached XP level 8. HP: 11/46 MP: 8/8
  3662 | Ossuary  | HP: 2/46 [mummy (10)]
  3664 | Ossuary  | Slain by a mummy

Vault maps used:
D:1:      lightli_arrival_noodles
D:2:      tso_altar
D:3:      uniq_sigmund
D:4:      nicolae_overflow_hidden_temple, nicolae_ossuary_entry_monument
Ossuary:  ossuary_zaba_flooded

Skill      XL: |  1  2  3  4  5  6  7 |
---------------+----------------------+-----
Maces & Flails | 3 4 6 7 9 |  9.2
Fighting       | |  3.2
Armour         | |  3.2
Shields        | |  3.2

Action                   |  1- 3 |  4- 6 |  7- 9 || total
-------------------------+-------+-------+-------++-------
Melee: Flail             |    74 |   113 |   136 ||   323
  Use: Potion            |       |     1 |     8 ||     9
  Eat: Royal jelly       |     1 |       |       ||     1
       Chunk             |       |     4 |       ||     4
       Fruit             |       |     1 |       ||     1
       Bread ration      |       |       |     1 ||     1
Armor: Scale mail        |    36 |    55 |    53 ||   144
       Skin              |       |       |     2 ||     2
Dodge: Dodged            |    22 |    36 |    33 ||    91
Block: Shield            |    39 |    64 |    49 ||   152

Table legend:
 A = Spawn XP
 B = Non-spawn XP
 C = Spawn XP percentage of total XP
 D = Spawn monster count
 E = Non-spawn monster count
 F = Spawn count percentage of total count
 G = Total turns spent on level
                    A         B        C        D         E        F      G
               +---------+---------+-------+---------+---------+-------+---------
         Total |       0 |    1294 |   0.0 |       0 |      73 |   0.0 |  3664
               +---------+---------+-------+---------+---------+-------+---------
           D:1 |       0 |      25 |   0.0 |       0 |      15 |   0.0 |   537
           D:2 |       0 |      19 |   0.0 |       0 |       5 |   0.0 |  1043
           D:3 |       0 |     363 |   0.0 |       0 |      23 |   0.0 |  1385
           D:4 |       0 |     180 |   0.0 |       0 |       7 |   0.0 |   336
       Ossuary |       0 |     707 |   0.0 |       0 |      23 |   0.0 |   363
               +---------+---------+-------+---------+---------+-------+---------
